Map: Hardwire LE

Players

DRG

  • Race: Zerg Zerg

Spirit (souL) - Winner!

  • Race: Terran Terran

Event: TSL 8

VOD

Have the link to the VOD?

Description

Time

  • Played on: Dec. 4, 2021, 8:20 a.m.
  • Length: 9:23

All games in this series

Show
View Real Time Build Order
Export as new Build Order

DRG Zerg 

Build Orders: Hatch First 

Get SALT Encoding   

  12  0:00  Drone  
  13  0:12  Overlord  
  13  0:16  Drone  
  14  0:30  Drone  
  14  0:31  Drone  
  16  0:47  Hatchery  
  15  0:50  Drone  
  15  0:54  Drone  
  17  0:57  Drone  
  18  1:08  Extractor  
  17  1:13  Spawning Pool  
  17  1:15  Drone  
  17  1:19  Drone  
  18  1:27  Drone  
  19  1:38  Drone  
  20  1:49  Drone  
  21  1:59  Queen x2  
  21  2:00  Zergling x4  
  27  2:10  Overlord  
  27  2:11  Drone  
  28  2:19  Hatchery  
  28  2:22  Drone  
  28  2:29  Drone  
  29  2:32  Drone x2  
  29  2:36  Queen  
  33  2:44  Metabolic Boost  
  33  2:47  Overlord  
  33  2:50  Drone  
  34  2:53  Drone  
  34  2:54  Drone  
  36  3:05  Drone x2  
  38  3:06  Drone x2  
  38  3:08  Drone  
  38  3:12  Queen  
  41  3:15  Drone  
  44  3:20  Overlord  
  44  3:27  Overlord  
  44  3:31  Queen, Overlord  
  44  3:33  Drone  
  47  3:38  Drone  
  47  3:39  Drone  
  47  3:40  Drone x2  
  51  3:42  Drone  
  51  3:45  Drone x2  
  51  3:46  Zergling x2  
  55  3:48  Pneumatized Carapace  
  55  3:53  Queen  
  57  3:57  Drone  
  57  3:59  Drone x2  
  61  4:02  Drone  
  61  4:03  Drone  
  61  4:05  Drone  
  61  4:09  Queen  
  65  4:13  Drone x3  
  65  4:16  Zergling x2  
  69  4:18  Overlord  
  69  4:20  Drone  
  69  4:22  Drone  
  71  4:24  Drone  
  71  4:25  Drone  
  71  4:26  Drone  
  71  4:28  Overlord  
  74  4:32  Overlord  
  74  4:35  Queen  
  74  4:36  Zergling x2  
  74  4:37  Zergling x4  
  74  4:38  Drone  
  80  4:40  Evolution Chamber  
  80  4:42  Evolution Chamber  
  80  4:43  Drone  
  80  4:44  Extractor  
  78  4:45  Drone x3  
  78  4:47  Drone x2  
  78  4:49  Extractor  
  78  4:50  Drone  
  82  4:53  Drone x3  
  82  4:55  Drone  
  86  5:01  Zergling x2  
  86  5:02  Spore Crawler  
  86  5:03  Spore Crawler  
  86  5:04  Zergling x6, Spore Crawler  
  87  5:09  Zerg Melee Weapons Level 1  
  87  5:12  Drone x2  
  87  5:13  Queen  
  91  5:16  Zerg Ground Armor Level 1  
  91  5:19  Drone  
  91  5:20  Drone x2  
  95  5:21  Drone  
  95  5:23  Drone x2  
  97  5:29  Overlord  
  97  5:30  Overlord  
  97  5:32  Overlord  
  97  5:35  Lair  
  97  5:36  Hatchery  
  97  5:40  Overlord  
  97  5:41  Spore Crawler  
  97  5:42  Drone  
  96  5:46  Extractor  
  96  5:50  Drone x5  
  96  5:51  Extractor  
  96  5:52  Baneling Nest  
  96  5:53  Zergling x10  
  103  5:58  Overlord  
  103  6:00  Zergling x2  
  104  6:07  Zergling x10  
  104  6:10  Overlord  
  108  6:16  Drone x2  
  107  6:21  Zergling x8  
  108  6:28  Drone x4  
  110  6:34  Overseer  
  110  6:35  Drone x2  
  110  6:36  Drone x2, Centrifugal Hooks  
  114  6:41  Drone x2  
  114  6:45  Zergling x2  
  117  6:54  Zergling x8  
  117  6:59  Zergling x2  
  117  7:00  Zergling x10  
  117  7:01  Hatchery  
  115  7:08  Zergling x8  
  115  7:11  Zergling x4  
  115  7:14  Baneling x6  
  115  7:15  Baneling x3  
  107  7:18  Zergling x8  
  107  7:20  Hatchery  
  107  7:21  Zergling x4  
  113  7:24  Zergling x4  
  113  7:25  Zergling x6  
  118  7:32  Zergling x4  
  118  7:33  Baneling x6  
  118  7:34  Baneling  
  118  7:37  Zergling x4  
  122  7:42  Zergling x4  
  122  7:45  Zergling x4  
  122  7:47  Hatchery, Zergling x10  
  122  7:48  Baneling x7  
  122  7:50  Zergling x2  
  129  7:53  Overseer  
  129  7:55  Zergling x8  
  131  7:59  Baneling x2  
  131  8:04  Zergling x8  
  116  8:11  Zergling x6  
  115  8:13  Baneling x6  
  115  8:16  Zergling x12  
  120  8:20  Zergling x4, Hatchery  
  121  8:30  Zergling x10  
  121  8:32  Baneling x4  
  121  8:33  Baneling x3  
  126  8:38  Zergling x2, Queen  
  126  8:39  Queen  
  126  8:43  Zergling x4  
  126  8:47  Zergling x6  
  129  8:49  Baneling  
  129  8:50  Baneling x4, Zergling x2  
  116  8:56  Zergling x2  
  116  8:57  Zergling x8  
  108  9:03  Zergling x4  
Show
View Real Time Build Order
Export as new Build Order

Spirit Terran - Winner!

Build Orders: Command Center First (CC), Hellion Banshee 

Get SALT Encoding   

  12  0:00  SCV  
  13  0:12  SCV  
  14  0:17  Supply Depot  
  14  0:24  SCV  
  15  0:38  SCV  
  16  0:50  SCV  
  17  0:58  Command Center  
  17  1:03  SCV  
  18  1:12  Barracks  
  18  1:16  SCV  
  19  1:21  Refinery  
  19  1:28  SCV  
  19  1:30  Refinery  
  20  1:42  SCV  
  21  1:59  Orbital Command  
  21  2:00  Reaper  
  22  2:10  Orbital Command  
  22  2:15  Supply Depot  
  22  2:20  Factory  
  22  2:25  SCV  
  23  2:34  Barracks Reactor  
  23  2:36  SCV  
  24  2:37  SCV  
  25  2:48  SCV  
  25  2:49  SCV  
  27  2:58  Command Center  
  27  3:00  SCV  
  27  3:01  SCV  
  27  3:05  Starport  
  29  3:12  SCV  
  30  3:13  SCV  
  30  3:15  Hellion  
  30  3:17  Hellion  
  35  3:24  Barracks Tech Lab, SCV  
  35  3:25  SCV  
  37  3:36  SCV  
  37  3:37  Hellion  
  37  3:38  Supply Depot, SCV, Hellion  
  43  3:48  SCV  
  43  3:50  SCV, Barracks Tech Lab  
  45  3:59  Banshee  
  45  4:00  Hellion x2, SCV  
  53  4:05  SCV  
  53  4:06  Cloaking Field  
  53  4:09  Marine  
  55  4:10  Orbital Command  
  55  4:13  SCV  
  57  4:17  SCV  
  57  4:21  Hellion x2  
  57  4:23  Stimpack  
  61  4:25  SCV  
  61  4:26  Supply Depot  
  61  4:29  SCV  
  63  4:36  SCV, Marine  
  63  4:37  SCV, Refinery  
  66  4:39  Refinery  
  66  4:41  SCV  
  67  4:47  Banshee  
  67  4:48  Orbital Command  
  67  4:49  Supply Depot  
  67  4:50  SCV, Barracks  
  67  4:52  Barracks  
  71  4:53  Supply Depot  
  71  4:55  SCV, Factory Reactor  
  72  5:02  SCV  
  72  5:03  Engineering Bay  
  72  5:06  Engineering Bay  
  73  5:07  SCV  
  73  5:11  Marine  
  75  5:14  SCV  
  75  5:19  SCV  
  75  5:20  SCV  
  75  5:21  Supply Depot, Barracks x2  
  78  5:26  SCV  
  79  5:31  Terran Infantry Weapons Level 1, SCV  
  79  5:32  Terran Infantry Armor Level 1  
  79  5:33  SCV  
  81  5:38  SCV, Bunker, Starport Reactor  
  81  5:41  Marine  
  83  5:43  SCV  
  83  5:44  Marine  
  83  5:45  SCV  
  83  5:46  Marine  
  83  5:47  Siege Tank  
  90  5:50  SCV  
  90  5:52  Marine x2  
  90  5:53  Supply Depot  
  90  5:54  Supply Depot  
  90  5:55  SCV  
  94  5:57  SCV  
  94  5:59  Marine  
  94  6:02  Marine  
  94  6:03  SCV, Combat Shield  
  98  6:04  Marine  
  98  6:07  SCV  
  98  6:08  Barracks Reactor x2  
  98  6:10  Marine  
  101  6:15  Marine  
  101  6:16  SCV  
  101  6:17  Marine  
  101  6:18  Supply Depot  
  104  6:20  Supply Depot, Medivac x2, Marine  
  104  6:22  Marine  
  104  6:24  Siege Tank  
  104  6:25  SCV  
  114  6:27  Marine  
  115  6:32  Marine  
  115  6:35  Marine  
  115  6:38  Refinery  
  115  6:39  Marine  
  118  6:40  Marine  
  118  6:41  Supply Depot  
  118  6:42  Supply Depot  
  118  6:44  Supply Depot, Missile Turret  
  118  6:45  Marine  
  118  6:46  Marine x4  
  124  6:50  Marine  
  124  6:53  Marine  
  126  6:56  Siege Tank  
  126  6:57  Marine x2  
  131  7:03  Marine x2  
  131  7:04  Marine x3  
  131  7:08  Marine  
  135  7:11  Marine  
  135  7:15  Marine x2  
  136  7:20  Armory  
  136  7:21  Marine x4  
  136  7:22  Marine  
  142  7:26  Marine  
  142  7:28  Supply Depot, Siege Tank, Marine  
  147  7:30  Supply Depot  
  147  7:32  Medivac  
  147  7:33  Marine x2  
  151  7:39  Marine x5  
  151  7:44  Marine  
  156  7:46  Marine  
  156  7:51  Marine x2  
  155  7:57  Marine x5  
  158  8:00  Siege Tank  
  158  8:01  Marine  
  158  8:04  Marine  
  132  8:08  Marine  
  132  8:09  Marine  
  132  8:14  Marine  
  132  8:15  Marine x4  
  132  8:19  Marine  
  137  8:21  Medivac x2  
  137  8:22  Command Center, Marine  
  137  8:26  Marine x2  
  144  8:32  Siege Tank, Marine x2  
  144  8:33  Marine x3  
  153  8:37  Marine  
  153  8:40  Marine  
  152  8:44  Marine x2  
  153  8:50  Marine x3  
  153  8:51  Medivac, Marine x2  
  153  8:55  Marine  
  147  8:57  Marine  
  147  9:02  Marine x2  
Tags
 
Add a new tag
Caveats
  • Supply blocks, unpowered buildings, or Contaminate may cause inaccurate times.
  • Supply counts are checked every 10 seconds.